 Dungeon Crawl Stone Soup version 0.29.1-2-gbd0b4ee654 (webtiles) character file.

Game seed: 2181493222286179978

426794 LustLizard the Acrobat (level 22, -25/114 (124) HPs)
             Began as a Spriggan Hunter on Nov 30, 2022.
             Was the Champion of Dithmenos.
             Killed from afar by Josephina (47 damage)
             ... with a flash freeze
             ... on level 2 of the Depths.
             The game lasted 03:11:50 (61986 turns).

LustLizard the Acrobat (Spriggan Hunter)           Turns: 61986, Time: 03:11:50

HP:   -25/114 (124) AC: 26    Str: 10    XL:     22   Next: 76%
MP:   24/29         EV: 35    Int: 18    God:    Dithmenos [******]
Gold: 3573          SH:  4    Dex: 34    Spells: 12/34 levels left

rFire   + + .      SeeInvis +   O - +9 arbalest (venom)
rCold   . . .      Faith    .   (shield currently unavailable)
rNeg    + . .      Spirit   .   T - +8 fire dragon scales
rPois   .          Reflect  .   w - +2 hat
rElec   +          Harm     .   j - +0 cloak of Fallacy {rF+ Str+3}
rCorr   .          Rampage  .   (gloves unavailable)
Will    +++..                   (boots unavailable)
Stlth   +++++++++.              I - amulet of the acrobat
HPRegen 0.29/turn               a - ring of Teham {AC+4 Dex+4}
MPRegen 0.21/turn               o - ring of the Turtledove {Ice rElec rN+ Int+4 Dex+4}

@: wreathed by umbra, drained, very quick
A: very small, no large weapons, unfitting armour, see invisible, speed 3, large
bone plates 1, camouflage 1, low MP 1
}: 2/15 runes: decaying, gossamer
a: Renounce Religion, Shadow Step, Shadow Form


You were on level 2 of the Depths.
You worshipped Dithmenos.
Dithmenos was exalted by your worship.
You visited 8 branches of the dungeon, and saw 40 of its levels.
You also visited: Gauntlet and Wizlab.

You collected 5163 gold pieces.
You spent 1590 gold pieces at shops.

Inventory:

Hand Weapons
 e - the +3 shortbow of Sist {venom, Drain rPois rC+ Str+5}
   (You found it on level 15 of the Dungeon)

   Any ammunition fired from it poisons the flesh of those it strikes.
   Str:       It affects your strength (+5).
   rC:        It protects you from cold.
   rPois:     It protects you from poison.
   Drain:     It drains your maximum health when unequipped.
 p - the +6 arbalest of Corporal Punishment {penet, rElec}
   (You took it off a tengu warrior on level 2 of the Depths)

   Any ammunition fired by it passes through the targets it hits, potentially
   hitting all targets in its path until it reaches maximum range.
   rElec:     It insulates you from electricity.
 O - a +9 arbalest of venom (weapon)
 Z - a +0 demon blade
Armour
 j - the +0 cloak of Fallacy (worn) {rF+ Str+3}
   (You acquired it on level 2 of the Orcish Mines)

   Str:       It affects your strength (+3).
   rF:        It protects you from fire.
 w - a +2 hat (worn)
 D - a +2 robe of willpower
 F - a +1 robe of resistance
 L - a scarf of invisibility
 P - a +2 buckler
 T - +8 fire dragon scales (worn)
Jewellery
 a - the ring of Teham (left hand) {AC+4 Dex+4}
   (You bought it in a shop on level 2 of the Orcish Mines)

   [ring of protection]

   AC:        It affects your AC (+4).
   Dex:       It affects your dexterity (+4).
 o - the ring of the Turtledove (right hand) {Ice rElec rN+ Int+4 Dex+4}
   (You acquired it on level 14 of the Dungeon)

   [ring of ice]

   It enhances your ice magic.
   Int:       It affects your intelligence (+4).
   Dex:       It affects your dexterity (+4).
   rF:        It makes you vulnerable to fire.
   rC:        It protects you from cold.
   rElec:     It insulates you from electricity.
   rN:        It protects you from negative energy.
 t - a ring of magical power
 C - a ring of flight
 I - an amulet of the acrobat (around neck)
 K - a ring of fire
 Y - a +6 ring of strength
Wands
 l - a wand of mindburst (27)
 E - a wand of flame (109)
 H - a wand of iceblast (25)
 N - a wand of paralysis (41)
 Q - a wand of digging (8)
 R - a wand of light (7)
 U - a wand of polymorph (11)
Scrolls
 b - 10 scrolls of immolation
 f - 16 scrolls of teleportation
 g - 2 scrolls of fog
 h - 8 scrolls of silence
 n - 2 scrolls of blinking
 r - 3 scrolls of magic mapping
 u - 4 scrolls of noise
 v - a scroll of summoning
 x - a scroll of brand weapon
 y - 4 scrolls of amnesia
 J - 7 scrolls of poison
 M - a scroll of fear
Potions
 c - 4 potions of might
 d - 11 potions of heal wounds
 k - 7 potions of degeneration
 m - 7 potions of haste
 q - 20 potions of curing
 s - 3 potions of mutation
 z - 8 potions of brilliance
 B - 3 potions of resistance
 G - 7 potions of ambrosia
 S - 3 potions of invisibility
 X - 3 potions of magic
Miscellaneous
 i - a box of beasts
 A - a lightning rod (4/4)
 V - a phantom mirror
 W - a phial of floods


   Skills:
 - Level 16.2 Fighting
 - Level 18.9 Ranged Weapons
 + Level 7.9 Armour
 - Level 23.1 Dodging
 - Level 9.3 Stealth
 - Level 6.6 Spellcasting
 - Level 6.6 Conjurations
 - Level 8.2 Summonings
 - Level 13.6 Translocations
 - Level 10.0 Transmutations
 - Level 3.8 Fire Magic
 - Level 4.5 Poison Magic
 - Level 11.5 Invocations
 - Level 15.9 Evocations


You had 12 spell levels left.
You knew the following spells:

 Your Spells              Type           Power      Damage    Failure   Level
a - Summon Forest         Summ/Tloc      22%        N/A       26%         5
b - Sting                 Tmut/Pois      100%       1d8       4%          1
c - Ignite Poison         Fire/Tmut/Pois 28%        N/A       21%         3
d - Blink                 Tloc           100%       N/A       1%          2
e - Portal Projectile     Hex/Tloc       60%        N/A       16%         3
f - Summon Guardian Gole  Hex/Summ       20%        N/A       41%         3
g - Irradiate             Conj/Tmut      18%        3d17      58%         5

Your spell library contained the following spells:

 Spells                   Type           Power      Damage    Failure   Level
 Apportation              Tloc           100%       N/A       1%          1
 Beastly Appendage        Tmut           84%        N/A       1%          1
 Wereblood                Tmut           42%        N/A       1%          2
 Gell's Gravitas          Tloc           53%        N/A       1%          3
 Lesser Beckoning         Tloc           53%        N/A       1%          3
 Teleport Other           Tloc           53%        N/A       1%          3
 Summon Small Mammal      Summ           100%       N/A       2%          1
 Call Imp                 Summ           35%        N/A       4%          2
 Magic Dart               Conj           100%       1d8       5%          1
 Call Canine Familiar     Summ           35%        N/A       9%          3
 Manifold Assault         Tloc           53%        N/A       9%          5
 Foxfire                  Conj/Fire      96%        2x1d8     10%         1
 Spider Form              Tmut/Pois      32%        N/A       12%         3
 Iskenderun's Mystic Bla  Conj/Tloc      42%        2d10      13%         4
 Passwall                 Tmut/Erth      20%        N/A       16%         2
 Shock                    Conj/Air       72%        1d7       21%         1
 Conjure Flame            Conj/Fire      24%        6-21      28%         3
 Static Discharge         Conj/Air       18%        3-6/arc   30%         2
 Blade Hands              Tmut           21%        N/A       34%         5
 Dispersal                Tloc           26%        N/A       43%         6
 Poisonous Vapours        Pois/Air       28%        N/A       45%         2
 Mephitic Cloud           Conj/Pois/Air  19%        N/A       47%         3
 Dazzling Flash           Conj/Hex       36%        N/A       52%         3
 Slow                     Hex            20%        N/A       63%         1
 Flame Wave               Conj/Fire      24%        2d8       67%         4
 Petrify                  Tmut/Erth      24%        N/A       71%         4
 Inner Flame              Hex/Fire       12%        N/A       75%         3
 Alistair's Intoxication  Tmut/Pois      21%        N/A       75%         5
 Ensorcelled Hibernation  Hex/Ice        16%        N/A       77%         2
 Sublimation of Blood     Necr           5%         N/A       77%         2
 Olgreb's Toxic Radiance  Pois           22%        N/A       77%         4
 Iskenderun's Battlesphe  Conj           30%        2d8       82%         5
 Animate Armour           Summ/Erth      40%        N/A       83%         4
 Summon Ice Beast         Ice/Summ       31%        N/A       83%         4
 Fulminant Prism          Conj/Hex       9%         3d7       90%         4
 Confusing Touch          Hex            5%         N/A       94%         3
 Swiftness                Air            5%         N/A       94%         3
 Vampiric Draining        Necr           5%         2d6       94%         3
 Fireball                 Conj/Fire      12%        3d7       95%         5
 Yara's Violent Unravell  Hex/Tmut       12%        3d7       96%         5
 Corpse Rot               Necr/Pois/Air  11%        N/A       99%         4
 Lightning Bolt           Conj/Air       9%         1d21      99%         5
 Summon Mana Viper        Hex/Summ       20%        N/A       99%         5
 Eringya's Noxious Bog    Tmut/Pois      16%        N/A       99%         6
 Summon Cactus Giant      Summ           17%        N/A       99%         6
 Anguish                  Hex/Necr       2%         N/A       100%        4
 Cause Fear               Hex            2%         N/A       100%        4
 Leda's Liquefaction      Hex/Erth       2%         N/A       100%        4
 Agony                    Necr           5%         N/A       100%        5
 Freezing Cloud           Conj/Ice/Air   10%        6-21      100%        5
 Lee's Rapid Deconstruct  Erth           2%         3d6*      100%        5
 Metabolic Englaciation   Hex/Ice        4%         N/A       100%        5
 Silence                  Hex/Air        2%         N/A       100%        5
 Conjure Ball Lightning   Conj/Air       9%         3x3d6     100%        6
 Iron Shot                Conj/Erth      9%         9d3       100%        6
 Simulacrum               Ice/Necr       4%         N/A       100%        6
 Starburst                Conj/Fire      12%        6d5       100%        6
 Statue Form              Tmut/Erth      16%        N/A       100%        6
 Enfeeble                 Hex            2%         N/A       100%        7
 Monstrous Menagerie      Summ           17%        N/A       100%        7
 Orb of Destruction       Conj           15%        9d7       100%        7
 Borgnjor's Revivificati  Necr           2%         N/A       100%        8
 Discord                  Hex            2%         N/A       100%        8
 Ignition                 Fire           9%         3d5       100%        8
 Maxwell's Capacitive Co  Air            2%         ∞         100%        8
 Necromutation            Tmut/Necr      12%        N/A       100%        8
 Chain Lightning          Conj/Air       9%         3d12      100%        9
 Death's Door             Necr           2%         N/A       100%        9
 Fire Storm               Conj/Fire      12%        8d3       100%        9
 Polar Vortex             Ice            4%         N/A       100%        9


Dungeon Overview and Level Annotations

Branches:
Dungeon (15/15)            Temple (0/1) D:6            Lair (5/5) D:10
  Swamp (4/4) Lair:2       Spider (4/4) Lair:3        Slime (0/5) Lair:5
    Orc (2/2) D:11            Elf (3/3) Orc:2        Vaults (4/5) D:13
  Crypt (0/3) Vaults:2     Depths (3/4) D:15         WizLab (visited)
Gauntlet (visited)

Altars:
Ashenzari
Cheibriados
Dithmenos
Elyvilon
Gozag
Hepliaklqana
Kikubaaqudgha
Qazlal
Trog
Uskayaw
Vehumet
Wu Jian
Yredelemnul
Jiyva

Shops:
Orc:2 *?=*   Elf:1 :=:(   Elf:3 :(=   Vaults:1 !![   Vaults:2 :   Vaults:4 ?

Portals:
Hell: Depths:1 Depths:2
Abyss: Depths:2
Pandemonium: Depths:1 Depths:2
Ziggurat: Depths:3
Trove: D:15 (give +6 demon blade)

Annotations:
D:7 Maggie
D:11 Urug
D:13 2 exclusions
D:14 sanboga's ghost, journeyman DsBe
Lair:5 exclusion: steam dragon, Sonja
Swamp:2 3 runed translucent doors, Fuxaofaz's ghost, adept MiFi
Depths:2 Josephina
Depths:3 Sojobo


Innate Abilities, Weirdness & Mutations

You are very small and have problems with some larger weapons.
You are too small for most types of armour.
You have supernaturally acute eyesight. (SInv)
You cover ground extremely quickly. (Speed+++)
You are partially covered in large bone plates. (SH +4)
Your skin changes colour to match your surroundings (Stealth+).
Your magical capacity is low. (-10% MP)


Message History

You shoot a bolt. The bolt hits Josephina!!
Josephina is almost destroyed.
Josephina casts a spell at you.
The ghostly flame explodes!
The ghostly fireball engulfs you! You partially resist.
You feel drained.
You emit a cloud of dark smoke.
The ghostly fireball engulfs Josephina.
Josephina completely resists.
Fire: O) +9 arbalest (venom)
Press: ? - help, Q - select action, (/) - cycle Shift-Dir - straight line, f/p - Josephina
Aim: Josephina, wielding a staff of cold, wearing a +2 robe and wearing the ring "Erejeyta" {Ice Int+4} (black smoke, almost destroyed, umbra, 61% to hit)
You shoot a bolt. The bolt completely misses Josephina.
Your shadow shoots a bolt.
The bolt hits Josephina but does no damage.
Space becomes stable.
Josephina casts a spell at you. The flash freeze misses you.
Fire: O) +9 arbalest (venom)
Press: ? - help, Q - select action, (/) - cycle Shift-Dir - straight line, f/p - Josephina
Aim: Josephina, wielding a staff of cold, wearing a +2 robe and wearing the ring "Erejeyta" {Ice Int+4} (black smoke, almost destroyed, umbra, 61% to hit)
You shoot a bolt. The bolt barely misses Josephina.
Josephina misses you. Josephina closely misses you.
Josephina hits you but does no damage. Josephina freezes you!!
* * * LOW HITPOINT WARNING * * *
You emit a cloud of dark smoke.
Josephina completely misses you.
Fire: O) +9 arbalest (venom)
Press: ? - help, Q - select action, (/) - cycle Shift-Dir - straight line, f/p - Josephina
Aim: Josephina, wielding a staff of cold, wearing a +2 robe and wearing the ring "Erejeyta" {Ice Int+4} (black smoke, almost destroyed, umbra, 61% to hit)
You shoot a bolt. The bolt hits Josephina.
Josephina is almost destroyed.
Josephina misses you. Josephina closely misses you.
Your magical contamination has completely faded away.
Blink to where?
Press: ? - help, Dir - move target, p - Josephina
As you read the scroll of blinking, it crumbles to dust.
Fire: O) +9 arbalest (venom)
Press: ? - help, Q - select action, (/) - cycle Shift-Dir - straight line, f - Josephina
Aim: Josephina, wielding a staff of cold, wearing a +2 robe and wearing the ring "Erejeyta" {Ice Int+4} (black smoke, almost destroyed, umbra, 61% to hit)
You shoot a bolt. The bolt misses Josephina.
Josephina gestures at you while chanting.
The flash freeze hits you!!!
You die...

##. #.. #.. ### #. ##
######## ### ###
###...##.###.###.. #####
#@.............#..
#...####....#...........
#...8###....#........#..
#....∩##.............##.
#...8###................
#.?.####................
#.#####.................
#.####......§L....[.....
##..§......§§§(§...>....


You could see Josephina.

Vanquished Creatures
  the Lernaean hydra (Swamp:4)
  Frederick (Vaults:2)
  Nikola (Swamp:4)
  Arachne (Spider:4)
  A walking crystal tome (Depths:2)
  A tentacled monstrosity (Depths:2)
  4 liches
  A titan (Depths:2)
  2 deep elf master archers
  2 quicksilver dragons (Depths:2)
  7 sphinxes
  A deep elf blademaster (Elf:3)
  3 tengu reavers
  2 storm dragons (Depths:2)
  The ghost of Jingleheimer the Spry, an adept DjCj of Makhleb (Swamp:3)
  A thorn hunter (Swamp:1)
  A fenstrider witch (shapeshifter) (Depths:2)
  Roxanne (D:14)
  7 fire giants
  A fenstrider witch (Swamp:3)
  4 emperor scorpions
  6 vault wardens
  2 frost giants (Depths:1)
  An orc warlord (Vaults:1)
  8 deep elf sorcerers
  4 ghost moths
  A draconian annihilator (WizLab)
  A curse skull (Vaults:2)
  3 deep elf elementalists (Elf:3)
  22 very ugly things
  23 ironbound preservers
  10 stone giants
  4 broodmothers
  A war gargoyle (Vaults:1)
  Azrael (D:12)
  4 deep elf demonologists
  2 eleionomae
  9 ironbound thunderhulks
  2 vampire knights (Depths:2)
  5 dire elephants (Vaults:1)
  8 purple draconians (WizLab)
  3 deep elf annihilators
  6 entropy weavers
  12 spark wasps
  2 bunyips
  4 ettins
  7 deep elf death magi
  9 statues (WizLab)
  Snorg (D:14)
  7 yaktaur captains
  7 fire dragons
  A great orb of eyes (Vaults:1)
  6 deep elf high priests
  13 vault guards
  2 ghost crabs
  A hell beast (Depths:1)
  19 hydras
  A spriggan air mage (Depths:2)
  2 catoblepae
  Erolcha (D:13)
  5 boulder beetles
  5 ice dragons
  A peacekeeper (Vaults:1)
  2 rakshasas
  6 ironbound frosthearts
  10 centaur warriors
  5 alligators
  2 deep troll shamans
  5 tengu warriors
  4 deep troll earth magi
  3 soul eaters (Depths:1)
  31 dancing weapons
  A satyr (shapeshifter) (Vaults:4)
  A spriggan berserker (Depths:1)
  27 deep elf knights
  3 vampire magi
  7 orc high priests
  2 hell hogs (Depths:1)
  4 hell knights (Depths:1)
  10 spriggans
  4 sun demons
  Lodul (D:11)
  Amaemon (D:9)
  5 pharaoh ants
  A sixfirhy (Depths:2)
  2 skeletal warriors (Vaults:2)
  A sun moth (Spider:4)
  7 goliath frogs
  10 swamp dragons (Swamp:4)
  A spriggan druid (Swamp:2)
  10 steelbarb worms
  58 deep trolls
  A shadow dragon zombie (Vaults:4)
  A golden dragon skeleton (Vaults:4)
  Pikel (D:8)
  6 bog bodies
  20 deep elf archers
  9 orb spiders
  An orange crystal statue (Depths:1)
  29 deep elf pyromancers
  15 ironbound convokers
  13 orc knights
  A phantasmal warrior (Vaults:1)
  10 wizards
  3 necromancers
  8 lindwurms
  43 deep elf zephyrmancers
  42 ugly things
  A human zombie (Vaults:4)
  14 wolf spiders
  5 will-o-the-wisps
  A tengu skeleton (Vaults:4)
  5 manticores
  2 orc sorcerers
  6 cyclopes
  4 moths of wrath (Spider:3)
  13 vault sentinels
  6 torpor snails
  5 black mambas
  Maurice (D:11)
  2 cane toads
  3 orange demons
  2 smoke demons (Depths:1)
  4 gargoyles
  A molten gargoyle (Gauntlet)
  An ice statue (Gauntlet)
  11 demonic crawlers
  A komodo dragon (shapeshifter) (D:14)
  5 rime drakes
  17 tengu conjurers
  13 yaktaurs
  2 efreet
  11 komodo dragons
  An ice devil (Depths:2)
  6 trolls
  A red devil (Depths:2)
  3 meliai (Spider:2)
  7 tyrant leeches
  26 slime creatures
  17 tarantellas
  7 blink frogs (Lair:5)
  11 hornets
  A polar bear (Lair:3)
  Sigmund (D:3)
  23 culicivoras
  A shadow (D:10)
  17 jumping spiders
  3 wraiths
  2 ynoxinuls (Depths:2)
  4 air elementals
  34 yaks
  5 wyverns
  3 fire elementals
  4 water elementals (Elf:1)
  3 basilisks
  A neqoxec (Gauntlet)
  36 redbacks
  2 chaos spawn (Gauntlet)
  10 vampire mosquitoes
  A golden eye (shapeshifter) (D:14)
  19 swamp worms
  6 wargs
  12 water moccasins
  3 acid dragons
  4 hell hounds
  36 orc warriors
  4 swamp drakes (Swamp:4)
  2 ice beasts (D:6)
  9 black bears
  4 sky beasts
  7 boggarts
  18 ogres
  9 wolves
  5 centaurs
  4 lemures (D:8)
  2 phantoms
  2 kobold brigands
  A necrophage (D:5)
  8 bullfrogs
  4 earth elementals (Elf:3)
  A gnoll sergeant (D:9)
  3 scorpions
  9 wights
  15 killer bees
  5 howler monkeys (D:9)
  2 electric eels
  A lava snake (D:13)
  3 jellies
  Crazy Yiuf (D:2)
  6 gnoll boudas
  28 orc priests
  4 hounds
  33 orc wizards
  Ijyb (D:4)
  7 hell rats
  18 gnolls
  7 river rats (Lair:1)
  3 adders
  2 white imps (D:7)
  5 ufetubi
  2 worms (D:2)
  10 dart slugs (D:3)
  92 orcs
  6 bats
  6 endoplasms
  5 giant cockroaches
  11 goblins
  6 hobgoblins
  2 quokkas
  8 ball pythons
  4 frilled lizards
  8 kobolds
  7 rats
1549 creatures vanquished.

Vanquished Creatures (collateral kills)
  Asterion (Vaults:3)
  3 deep elf sorcerers (Elf:3)
  A war gargoyle (Vaults:1)
  A very ugly thing (Depths:3)
  A deep elf demonologist (Elf:3)
  3 eleionomae
  A minotaur (Gauntlet)
  A spark wasp (Depths:3)
  A deep elf death mage (Elf:3)
  A vault guard (Vaults:2)
  3 hydras (Swamp:4)
  An alligator (Swamp:3)
  A spriggan (Swamp:3)
  A steelbarb worm (Spider:1)
  A spriggan druid (Swamp:2)
  A bog body (Swamp:3)
  2 deep elf pyromancers
  A deep elf zephyrmancer (Elf:1)
  A wolf spider (Spider:1)
  A hornet (Swamp:3)
  A slime creature (Vaults:1)
  A culicivora (Spider:1)
  A fire elemental (Elf:2)
  A redback (Spider:1)
  A swamp worm (Swamp:2)
  A nameless horror (Elf:2)
  A swamp drake (Swamp:4)
  An earth elemental (Elf:2)
35 creatures vanquished.

Vanquished Creatures (others)
  A bog body (Swamp:2)
  A deep elf archer (Elf:1)
  A tengu conjurer (WizLab)
  2 bloated husks
  A tyrant leech (Swamp:4)
  2 tarantellas (Spider:2)
  A sphinx simulacrum (Depths:3)
  A spriggan (Swamp:2)
  A water elemental (Elf:2)
  2 redbacks (Spider:2)
  10 foxfires
  55 fungi
  106 plants
  13 snaplasher vines
  2 withered plants (Swamp:3)
199 creatures vanquished.

Grand Total: 1783 creatures vanquished

Notes
Turn   | Place    | Note
-------+----------+-------------------------------------------
     0 | D:1      | LustLizard the Spriggan Hunter began the quest for the Orb.
     0 | D:1      | Reached XP level 1. HP: 10/10 MP: 2/2
   193 | D:1      | Reached XP level 2. HP: 12/14 MP: 3/3
   674 | D:1      | Reached XP level 3. HP: 18/18 MP: 4/4
  1520 | D:2      | Reached skill level 5 in Ranged Weapons
  1540 | D:2      | Got the Catalogue of Vitriolic Arcane Weapons
  2015 | D:2      | Found a runed translucent door.
  2016 | D:2      | Noticed Crazy Yiuf
  2091 | D:2      | Killed Crazy Yiuf
  2092 | D:2      | Reached XP level 4. HP: 22/22 MP: 5/5
  2766 | D:3      | Found a radiant altar of Vehumet.
  2771 | D:3      | Found a shadowy altar of Dithmenos.
  2773 | D:3      | Found an ornate altar of the Wu Jian Council.
  2773 | D:3      | Found a basalt altar of Yredelemnul.
  2773 | D:3      | Found a hide-covered altar of Uskayaw.
  2773 | D:3      | Found an ancient bone altar of Kikubaaqudgha.
  2774 | D:3      | Found an opulent altar of Gozag.
  2775 | D:3      | Found a broken altar of Ashenzari.
  2778 | D:3      | Became a worshipper of Dithmenos the Shadowed
  2782 | D:3      | Found a snail-covered altar of Cheibriados.
  2784 | D:3      | Found a white marble altar of Elyvilon.
  2860 | D:3      | Noticed Sigmund
  2912 | D:3      | Found a faded altar of an unknown god.
  3037 | D:3      | Reached XP level 5. HP: 25/25 MP: 6/6
  3875 | D:4      | Noticed Ijyb
  3878 | D:4      | Paralysed by Ijyb for 4 turns
  3906 | D:4      | Killed Ijyb
  4048 | D:4      | Reached skill level 5 in Stealth
  4100 | D:4      | Noticed a phantom
  4103 | D:4      | Noticed an ogre
  4192 | D:4      | Killed a phantom
  4193 | D:4      | Reached XP level 6. HP: 10/30 MP: 7/7
  4421 | D:4      | Reached * piety under Dithmenos
  4595 | D:5      | Entered Level 5 of the Dungeon
  4939 | D:5      | You fall into a shaft and drop 1 floor!
  4986 | D:5      | Reached XP level 7. HP: 11/33 MP: 8/8
  5283 | D:5      | Identified the +2 long sword of the Butterfly {antimagic,
                  | *Rage Dex+6}
  5702 | D:3      | Killed Sigmund
  6235 | D:6      | Found a bloodstained altar of Trog.
  6306 | D:6      | Reached XP level 8. HP: 34/37 MP: 9/9
  6697 | D:6      | Found a staircase to the Ecumenical Temple.
  7400 | D:6      | Reached skill level 3 in Dodging
  7711 | D:7      | Reached ** piety under Dithmenos
  7772 | D:7      | Noticed Maggie
  7946 | D:7      | Reached skill level 10 in Ranged Weapons
  8025 | D:7      | Reached skill level 4 in Dodging
  8296 | D:7      | Reached XP level 9. HP: 39/43 MP: 10/10
  9020 | D:8      | Reached skill level 5 in Dodging
  9440 | D:8      | Noticed Pikel
  9498 | D:8      | Killed Pikel
  9499 | D:8      | Reached skill level 6 in Dodging
 10406 | D:8      | Reached skill level 7 in Dodging
 10524 | D:8      | Reached XP level 10. HP: 51/51 MP: 11/11
 11024 | D:9      | Reached *** piety under Dithmenos
 11175 | D:9      | Reached skill level 5 in Fighting
 11175 | D:9      | Reached skill level 8 in Dodging
 11365 | D:9      | Reached skill level 1 in Invocations
 11440 | D:9      | Noticed Amaemon
 11444 | D:9      | Noticed an orange demon
 11739 | D:9      | Killed Amaemon
 11740 | D:9      | Reached skill level 9 in Dodging
 11753 | D:9      | Killed an orange demon
 11921 | D:10     | Entered Level 10 of the Dungeon
 12457 | D:10     | Reached XP level 11. HP: 55/55 MP: 14/14
 12568 | D:10     | Reached **** piety under Dithmenos
 12781 | D:10     | Found a staircase to the Lair.
 13253 | D:11     | Reached skill level 10 in Dodging
 13876 | D:11     | Noticed Urug
 13936 | D:11     | Noticed a boulder beetle
 14025 | Lair:1   | Entered Level 1 of the Lair of Beasts
 14090 | Lair:1   | Noticed an eight-headed hydra
 14141 | Lair:1   | Killed an eight-headed hydra
 14351 | Lair:1   | Reached skill level 5 in Invocations
 15888 | Lair:2   | Reached skill level 11 in Dodging
 15928 | Lair:2   | Reached skill level 1 in Evocations
 16822 | Lair:2   | Noticed a five-headed hydra
 16824 | Lair:2   | Noticed a seven-headed hydra
 16863 | Lair:2   | Killed a five-headed hydra
 16864 | Lair:2   | Reached XP level 12. HP: 60/60 MP: 17/17
 16911 | Lair:2   | Killed a seven-headed hydra
 16912 | Lair:2   | Reached skill level 15 in Ranged Weapons
 16990 | Lair:2   | Found a staircase to the Swamp.
 17331 | Lair:3   | Noticed a four-headed hydra
 17375 | Lair:3   | Killed a four-headed hydra
 17382 | Lair:3   | Found a hole to the Spider Nest.
 17528 | Lair:3   | Reached ***** piety under Dithmenos
 18042 | Lair:4   | You fall into a shaft and drop 1 floor!
 18042 | Lair:5   | Entered Level 5 of the Lair of Beasts
 18686 | Lair:4   | Reached skill level 12 in Dodging
 18848 | Lair:4   | Reached skill level 5 in Evocations
 20001 | Lair:5   | Found a staircase to the Slime Pits.
 20002 | Lair:5   | Found a viscous altar of Jiyva.
 20004 | Lair:5   | Noticed Sonja
 20280 | Lair:5   | Noticed a five-headed hydra
 20294 | Lair:5   | Killed a five-headed hydra
 20487 | Lair:5   | Reached XP level 13. HP: 46/65 MP: 19/19
 21591 | D:11     | Noticed Maurice
 21599 | D:11     | Killed Maurice
 21614 | D:11     | Noticed Lodul
 22193 | D:11     | Killed Lodul
 22299 | D:11     | Found a staircase to the Orcish Mines.
 22826 | D:12     | Reached ****** piety under Dithmenos
 23215 | D:12     | Noticed Azrael
 23260 | D:12     | Reached skill level 13 in Dodging
 23724 | Orc:1    | Entered Level 1 of the Orcish Mines
 24623 | Orc:2    | Entered Level 2 of the Orcish Mines
 24825 | Orc:2    | Found a staircase to the Elven Halls.
 24980 | Orc:2    | Learned a level 5 spell: Summon Forest
 25038 | Orc:2    | Reached skill level 1 in Translocations
 25132 | Orc:2    | Reached skill level 1 in Summonings
 26254 | Orc:2    | Reached XP level 14. HP: 59/72 MP: 21/21
 26384 | Orc:2    | Found Elugas's Assorted Antiques.
 26389 | Orc:2    | Found Tughalun's General Store.
 26389 | Orc:2    | Found Tuiriqih's Magic Scroll Shoppe.
 26390 | Orc:2    | Found Goni's Jewellery Emporium.
 26400 | Orc:2    | Bought a scroll labelled YXAMOFFUVUF for 15 gold pieces
 26403 | Orc:2    | Identified a scroll of acquirement
 26576 | Orc:2    | Bought the ring of Teham {AC+4 Dex+4} for 822 gold pieces
 26581 | Orc:2    | Bought a scroll of identify for 26 gold pieces
 26581 | Orc:2    | Bought a scroll of identify for 26 gold pieces
 26581 | Orc:2    | Bought a scroll of enchant armour for 97 gold pieces
 26581 | Orc:2    | Bought a scroll of teleportation for 39 gold pieces
 26581 | Orc:2    | Bought a scroll of identify for 26 gold pieces
 26581 | Orc:2    | Bought a scroll of blinking for 97 gold pieces
 26582 | Orc:2    | Acquired the +0 cloak of Fallacy {rF+ Str+3}
 27485 | D:13     | Noticed Erolcha
 27487 | D:13     | Killed Erolcha
 27535 | D:13     | Reached skill level 5 in Translocations
 27579 | D:13     | Noticed a stone giant
 27579 | D:13     | Noticed a vampire knight
 27579 | D:13     | Noticed a sphinx
 28127 | D:13     | Found a gate to the Vaults.
 28437 | D:14     | Found a runed translucent door.
 28441 | D:14     | Found a gate leading to a gauntlet.
 28442 | D:14     | Noticed sanboga's ghost (journeyman DsBe)
 28448 | D:14     | Noticed Snorg
 28455 | D:14     | Killed Snorg
 28606 | Gauntlet | Entered a Gauntlet
 28606 | Gauntlet | Found a transporter.
 28606 | Gauntlet | Found a transporter.
 28607 | Gauntlet | Found a transporter.
 28607 | Gauntlet | Found a transporter.
 28610 | Gauntlet | Found a transporter.
 28610 | Gauntlet | Found a transporter.
 28624 | Gauntlet | Found a transporter.
 28626 | Gauntlet | Found a transporter.
 28634 | Gauntlet | Found a transporter.
 28634 | Gauntlet | Noticed a reaper
 28780 | Gauntlet | Found a transporter.
 28784 | Gauntlet | Found a transporter.
 28800 | Gauntlet | Found a transporter.
 28986 | Gauntlet | Gained mutation: You are weak. (Str -2) [a neqoxec]
 28990 | Gauntlet | Gained mutation: Your spells are a little easier to cast,
                  | but a little less powerful. [a neqoxec]
 29021 | Gauntlet | Reached skill level 14 in Dodging
 29048 | Gauntlet | Lost mutation: Your spells are a little easier to cast, but
                  | a little less powerful. [potion of mutation]
 29048 | Gauntlet | Lost mutation: You are weak. (Str -2) [potion of mutation]
 29048 | Gauntlet | Gained mutation: Your body sometimes deteriorates upon
                  | taking damage. [potion of mutation]
 29048 | Gauntlet | Gained mutation: You are dopey. (Int -2) [potion of
                  | mutation]
 29049 | Gauntlet | Lost mutation: You are dopey. (Int -2) [potion of mutation]
 29049 | Gauntlet | Lost mutation: Your body sometimes deteriorates upon taking
                  | damage. [potion of mutation]
 29049 | Gauntlet | Gained mutation: You are robust. (+10% HP) [potion of
                  | mutation]
 29049 | Gauntlet | Gained mutation: You occasionally shout uncontrollably at
                  | your foes. [potion of mutation]
 29049 | Gauntlet | Gained mutation: You expend magic power (3 MP) to
                  | strengthen your wands. [potion of mutation]
 29050 | Gauntlet | Lost mutation: You expend magic power (3 MP) to strengthen
                  | your wands. [potion of mutation]
 29050 | Gauntlet | Lost mutation: You are robust. (+10% HP) [potion of
                  | mutation]
 29050 | Gauntlet | Lost mutation: You occasionally shout uncontrollably at
                  | your foes. [potion of mutation]
 29050 | Gauntlet | Gained mutation: You are partially covered in large bone
                  | plates. (SH +4) [potion of mutation]
 29050 | Gauntlet | Gained mutation: Your magical capacity is low. (-10% MP)
                  | [potion of mutation]
 29050 | Gauntlet | Gained mutation: Your skin changes colour to match your
                  | surroundings (Stealth+). [potion of mutation]
 29088 | Gauntlet | Got the Catalogue of Outbursts
 29108 | D:14     | Identified Roxanne's Catalogue of Variation
 29108 | D:14     | Noticed Roxanne
 29121 | D:14     | Killed Roxanne
 29131 | D:14     | Learned a level 1 spell: Sting
 29135 | D:14     | Learned a level 3 spell: Ignite Poison
 29237 | D:14     | Reached skill level 1 in Transmutations
 29319 | D:14     | Reached skill level 1 in Poison Magic
 29341 | D:14     | Reached skill level 1 in Fire Magic
 29657 | D:14     | Identified the +6 spear "Deyt" {antimagic, Fly Str+8 Int-3
                  | Dex-2}
 29828 | D:14     | Acquired the ring of the Turtledove {Ice rElec rN+ Int+4
                  | Dex+4}
 29853 | D:14     | Reached skill level 5 in Summonings
 29853 | D:14     | Reached XP level 15. HP: 77/77 MP: 20/20
 29881 | D:15     | Entered Level 15 of the Dungeon
 30065 | D:15     | Identified the +3 shortbow of Sist {venom, Drain rPois rC+
                  | Str+5}
 30302 | D:15     | Found a staircase to the Depths.
 30519 | D:15     | Found a portal to a secret trove of treasure.
 30713 | D:15     | Reached skill level 10 in Translocations
 31245 | D:12     | Reached XP level 16. HP: 81/81 MP: 21/21
 31444 | D:12     | Killed Azrael
 31796 | Swamp:1  | Entered Level 1 of the Swamp
 31904 | Swamp:1  | Noticed a thorn hunter
 31919 | Swamp:1  | Killed a thorn hunter
 31980 | Swamp:1  | Reached skill level 5 in Transmutations
 32068 | Swamp:1  | Found a hazy altar of Hepliaklqana.
 32590 | Swamp:2  | Found a runed translucent gate.
 32591 | Swamp:2  | Found a runed translucent gate.
 32601 | Swamp:2  | Found a runed translucent gate.
 32607 | Swamp:2  | Noticed Fuxaofaz's ghost (adept MiFi)
 34037 | Swamp:3  | Found a runed translucent door.
 34037 | Swamp:3  | Noticed Jingleheimer's ghost (adept DjCj)
 34505 | Swamp:3  | Killed Jingleheimer's ghost
 34535 | Swamp:4  | Entered Level 4 of the Swamp
 35088 | Swamp:4  | Noticed the 27-headed Lernaean hydra
 35196 | Swamp:4  | Killed the 27-headed Lernaean hydra
 35197 | Swamp:4  | Reached skill level 10 in Invocations
 35254 | Swamp:4  | Noticed Nikola
 35292 | Swamp:4  | Killed Nikola
 35293 | Swamp:4  | Reached XP level 17. HP: 73/85 MP: 23/23
 35853 | Swamp:4  | Got a decaying rune of Zot
 36221 | Elf:1    | Entered Level 1 of the Elven Halls
 36233 | Elf:1    | Reached skill level 1 in Spellcasting
 36281 | Elf:1    | Found a huge runed gate.
 36281 | Elf:1    | Found a huge runed gate.
 36281 | Elf:1    | Found a huge runed gate.
 36281 | Elf:1    | Found a huge runed gate.
 36281 | Elf:1    | Found a huge runed gate.
 36284 | Elf:1    | Found a huge runed gate.
 36285 | Elf:1    | Found a huge runed gate.
 36285 | Elf:1    | Found a huge runed gate.
 36285 | Elf:1    | Found a huge runed gate.
 36285 | Elf:1    | Found a huge runed gate.
 36298 | Elf:1    | Found a huge runed gate.
 36298 | Elf:1    | Found a huge runed gate.
 36298 | Elf:1    | Found a huge runed gate.
 36298 | Elf:1    | Found a huge runed gate.
 36298 | Elf:1    | Found a huge runed gate.
 36298 | Elf:1    | Found a huge runed gate.
 36299 | Elf:1    | Found a huge runed gate.
 36553 | Elf:1    | Found Wuytzinu's Weapon Emporium.
 36675 | Elf:1    | Found Uskunan's Book Shoppe.
 36675 | Elf:1    | Found Vedghai's Jewellery Shop.
 36676 | Elf:1    | Found Hezecri's Book Shoppe.
 36686 | Elf:1    | Bought a book of Spatial Translocations for 442 gold pieces
 36689 | Elf:1    | Learned a level 2 spell: Blink
 36693 | Elf:1    | Learned a level 3 spell: Portal Projectile
 36697 | Elf:1    | Learned a level 3 spell: Summon Guardian Golem
 36746 | Elf:1    | Paralysed by an air elemental for 1 turns
 36987 | Elf:1    | Found a huge runed gate.
 36989 | Elf:1    | Found a huge runed gate.
 36995 | Elf:1    | Found a huge runed gate.
 36995 | Elf:1    | Found a huge runed gate.
 36995 | Elf:1    | Found a huge runed gate.
 36995 | Elf:1    | Found a huge runed gate.
 36995 | Elf:1    | Found a huge runed gate.
 36995 | Elf:1    | Found a huge runed gate.
 36996 | Elf:1    | Found a huge runed gate.
 36997 | Elf:1    | Found a huge runed gate.
 36998 | Elf:1    | Found a huge runed gate.
 37006 | Elf:1    | Found a huge runed gate.
 37006 | Elf:1    | Found a huge runed gate.
 37006 | Elf:1    | Found a huge runed gate.
 37006 | Elf:1    | Found a huge runed gate.
 37006 | Elf:1    | Found a huge runed gate.
 37006 | Elf:1    | Found a huge runed gate.
 37007 | Elf:1    | Found a huge runed gate.
 37008 | Elf:1    | Found a huge runed gate.
 37413 | Elf:1    | Got Lits's Dissertation on the Salvo and the Throng
 37465 | Elf:1    | Learned a level 5 spell: Irradiate
 37482 | Elf:1    | Noticed a deep elf master archer
 37489 | Elf:1    | Paralysed by an air elemental for 1 turns
 37500 | Elf:1    | Killed a deep elf master archer
 37655 | Elf:1    | Killed a ghostly deep elf master archer
 37656 | Elf:1    | Reached skill level 1 in Conjurations
 37908 | Elf:1    | Identified the +8 short sword of Mourning {venom, rN+
                  | Will++ Str-4}
 37955 | Elf:2    | Reached skill level 15 in Dodging
 38145 | Elf:2    | Reached skill level 5 in Spellcasting
 38661 | Elf:2    | Reached XP level 18. HP: 75/92 MP: 16/25
 39053 | Elf:2    | Found a runed translucent gate.
 39054 | Elf:2    | Found a runed translucent gate.
 39054 | Elf:2    | Found a runed translucent gate.
 39687 | Elf:3    | Entered Level 3 of the Elven Halls
 39901 | Elf:3    | Reached skill level 5 in Conjurations
 40072 | Elf:3    | Paralysed by an air elemental for 1 turns
 40458 | Elf:3    | Reached skill level 16 in Dodging
 40489 | Elf:3    | Found Focwyl Tadi's Book Boutique.
 40499 | Elf:3    | Found Tolit's Antique Weapon Shop.
 40556 | Elf:3    | Found Tisum's Jewellery Shop.
 41008 | Elf:3    | Reached skill level 10 in Fighting
 41452 | Elf:3    | Reached skill level 10 in Transmutations
 41498 | Elf:3    | Identified the +1 pair of gloves of Fiykker {Rampage rPois}
 41501 | Elf:3    | Identified the +0 chain mail "Xenuepty" {*Corrode Fly Will+
                  | Int+2}
 41512 | Elf:3    | Identified the +1 scale mail of the Pink Corner {Fly}
 42076 | Spider:1 | Entered Level 1 of the Spider Nest
 42091 | Spider:1 | Reached XP level 19. HP: 95/98 MP: 20/27
 43105 | Spider:2 | Reached skill level 17 in Dodging
 45680 | Spider:4 | Entered Level 4 of the Spider Nest
 45749 | Spider:4 | Reached skill level 10 in Evocations
 45966 | Spider:4 | Reached skill level 18 in Dodging
 47739 | Spider:4 | Noticed Arachne
 47752 | Spider:4 | Killed Arachne
 48452 | Spider:4 | Got a gossamer rune of Zot
 48910 | Vaults:1 | Entered Level 1 of the Vaults
 49081 | Vaults:1 | Found Bymoagyf's Distillery.
 49088 | Vaults:1 | Found Wyr Voxe's Distillery.
 49373 | Vaults:1 | Found Zutamomi's Armour Shoppe.
 49508 | Vaults:1 | Reached XP level 20. HP: 107/107 MP: 9/27
 49665 | Vaults:1 | Reached skill level 19 in Dodging
 51357 | Vaults:2 | Noticed Frederick
 51545 | Vaults:2 | Reached skill level 20 in Dodging
 51911 | Vaults:2 | Found Bimniaf's Book Boutique.
 52103 | Vaults:2 | Killed Frederick
 52436 | Vaults:2 | Found a staircase to the Crypt.
 53280 | Vaults:3 | Identified the +0 ring mail of Responsibility {rElec rF+
                  | rC-}
 53373 | Vaults:3 | Reached skill level 15 in Evocations
 53833 | Vaults:3 | Reached XP level 21. HP: 114/114 MP: 28/28
 53855 | Vaults:3 | Noticed Asterion
 53863 | Vaults:3 | Killed Asterion
 53923 | Vaults:3 | Reached skill level 21 in Dodging
 54897 | Vaults:4 | Found a magical portal.
 55022 | WizLab   | Entered Iskenderun's Mystic Tower
 55964 | WizLab   | Got Iskenderun's Vellum of Bolts
 55964 | WizLab   | Got Iskenderun's Vademecum on Blasts
 56021 | WizLab   | Identified the +0 pair of boots "Fugoam" {Int-2 Dex+4
                  | Slay+3 Stlth+}
 56260 | Vaults:4 | Identified the +6 dagger of Raeti Opli {flame, rF- Str+2
                  | Dex+3}
 56452 | Vaults:4 | Reached skill level 22 in Dodging
 56637 | Vaults:4 | Reached skill level 15 in Fighting
 56921 | Vaults:4 | Found Ales Josh's Magic Scroll Shop.
 57453 | Depths:1 | Entered Level 1 of the Depths
 57585 | Depths:1 | Found a one-way gate leading to the halls of Pandemonium.
 57826 | Depths:1 | Reached XP level 22. HP: 123/123 MP: 29/29
 57852 | Depths:1 | Found a gateway to Hell.
 58068 | Depths:1 | Found a radiant altar of Vehumet.
 58152 | Depths:1 | Reached skill level 23 in Dodging
 58909 | Depths:2 | Reached skill level 1 in Armour
 59912 | Depths:2 | Found a one-way gate to the infinite horrors of the Abyss.
 59921 | Depths:2 | Found a stormy altar of Qazlal.
 60092 | Depths:2 | Reached skill level 5 in Armour
 60827 | Depths:2 | Identified the +6 arbalest of Corporal Punishment {penet,
                  | rElec}
 61125 | Depths:3 | Noticed Sojobo
 61431 | Depths:3 | Found a one-way gateway to a ziggurat.
 61432 | Depths:3 | Identified the ring "Erejeyta" {Ice Int+4}
 61432 | Depths:3 | Noticed Josephina
 61986 | Depths:2 | Killed from afar by Josephina

Illustrated notes

Levels and vault maps discovered:
D:1:      lightli_arrival_maybe_door_vault, layout_loops_corners,
          roderic_serpentine_path
D:2:      layout_loops_ring, nrook_loot_triangle,
          nicolae_concentric_dashed_squares_wild, minmay_pentomino_pile,
          uniq_crazy_yiuf_cottage
D:3:      kennysheep_slugbush, layout_loops_ring, minitemple,
          shapermc_ecumenical_altar_ellora, uniq_sigmund
D:4:      layout_rooms, uniq_ijyb
D:5:      layout_loops_ring
D:6:      layout_rooms, mainiacjoe_overflow_tiny_flanked,
          minmay_temple_entry_proselytizer
D:7:      layout_basic, uniq_maggie
D:8:      kennysheep_seaside_town, layout_basic, uniq_pikel
D:9:      layout_loops_ring, uniq_amaemon
D:10:     layout_basic, due_lair_maze_entry_diamond
D:11:     layout_basic, david_orc_4, uniq_lodul, uniq_urug, uniq_maurice
D:12:     layout_loops_ring, uniq_azrael
D:13:     minmay_gate_of_8, layout_gridville, grunt_vaults_entry_fortified,
          hangedman_abyss_or_decor_jellyfish_corner,
          amcnicky_mini_rare_corridor_liquid, nicolae_lava_and_water,
          uniq_erolcha
D:14:     layout_loops_ring, ebering_ghost_funeral_grove,
          gauntlet_entry_generic, minmay_fractal_squares_5, uniq_roxanne,
          uniq_snorg
D:15:     grunt_enter_depths_snipers, layout_stronghold, trove_entry_hex_spiral,
          chequers_serial_rivers_micro_e
Lair:1:   hellmonk_destroyed_diamonds, layout_hall_layers,
          chequers_serial_rivers_small_a, st_stairs_13, kennysheep_rathole
Lair:2:   layout_chaotic_city, palyth_hydra_swamp_entry, serial_rivers,
          chequers_serial_rivers_large_b, chequers_serial_rivers_small_3,
          chequers_serial_rivers_micro_b, chequers_serial_rivers_small_a,
          chequers_serial_rivers_large_a, chequers_serial_rivers_room_b
Lair:3:   layout_cave_pods, spider_nest_entry_webs, serial_bayou,
          serial_bayou_ford_a, serial_bayou_crossing, serial_bayou_pond_c,
          serial_bayou_pond_d
Lair:4:   layout_misc_corridors
Lair:5:   hangedman_lair_caniforms_friends, layout_cave_pods,
          guppyfry_lair_end_dragon, slime_entry_1, uniq_sonja
Swamp:1:  layout_basic_swamp, nicolae_swamp_godswood,
          infiniplex_staircase_pool_2
Swamp:2:  layout_basic_swamp, gammafunk_ghost_necromancy, nicolae_swamp_oxbows,
          swamp_pool3, nicolae_swamp_fairy_circle
Swamp:3:  layout_basic_swamp, gammafunk_ghost_grave,
          nicolae_swamp_feature_on_the_river_bank, hangedman_swamp_cone
Swamp:4:  swamp_old_school, layout_basic_swamp, hangedman_swamp_pad, uniq_nikola
Spider:1: layout_cave_pods, nicolae_spider_twisty_arc_passages
Spider:2: layout_spider_delve
Spider:3: layout_chambers
Spider:4: guppyfry_spider_rune, uniq_arachne
Orc:1:    layout_caves, basic_altar
Orc:2:    st_orc_pillars, layout_caves
Elf:1:    minmay_elf_arrival_plus, layout_rooms, serial_shops,
          nicolae_shop_behind_doors, minmay_elf_sorcery, door_vault,
          grunt_megastairs_1, minmay_shop_grove
Elf:2:    nicolae_elf_blades_crystal_corner, layout_rooms,
          statue_in_the_mist_lemuel, hex_medium, grunt_ministairs_9,
          nicolae_elf_w_pinch
Elf:3:    minmay_elf_hall_dome, layout_rooms, serial_shops,
          nicolae_shop_crystal, grunt_megastairs_4, minmay_shoptagon
Vaults:1: grunt_vaults_twisty, v_misc_24, vaults_room_pool, v_misc_31,
          nicolae_vaults_network_square, nicolae_vaults_stairing_the_circle,
          vaults_room_grunt_arrival_ludios, v_misc_5, vaults_room_door_ring,
          ontoclasm_vaults_shuriken, layout_vaults_ring, serial_shops,
          shop_coins, nicolae_shop_behind_doors, shop
Vaults:2: vaults_room_door_ring, v_misc_23, nicolae_vaults_display_case,
          minmay_crypt_entry_simple_walls, nicolae_vaults_rhombus_7,
          hangedman_vaults_restitches, nicolae_vaults_shelves_hall,
          vaults_room_pool, layout_vaults_omnigrid, serial_shops, shop,
          uniq_frederick
Vaults:3: v_misc_4, nicolae_vaults_murderbox, v_rooms_6, vaults_room_semicircle,
          vaults_mumra_hex, vaults_dpeg_emergency_exit,
          nicolae_vaults_little_ls, nicolae_vaults_mini_display_case,
          vaults_room_stairs_pillars, nicolae_vaults_little_squares_4,
          hangedman_vaults_slice, layout_vaults_chaotic_city, uniq_asterion
Vaults:4: mu_enter_wizlab_6, nicolae_vaults_little_squares_1,
          nicolae_vaults_network_quinsquares
          [nicolae_vaults_network_quincunx_subvault,
          nicolae_vaults_network_quincunx_subvault,
          nicolae_vaults_network_quincunx_subvault,
          nicolae_vaults_network_quincunx_subvault],
          nicolae_vaults_puzzle_piece, nicolae_vaults_minivaults,
          ontoclasm_vaults_ring_large, v_misc_18, v_misc_24, v_misc_10,
          v_misc_10, ontoclasm_vaults_loading_screen,
          vaults_room_grunt_arrival_checkpoint, grunt_vaults_hallway_short,
          layout_vaults_maze_bifur, serial_shops, nicolae_shop_statue_plus
Depths:1: layout_small_grid, hellmouth_3, serial_sigils,
          serial_sigils_hangedman_scratch, serial_sigils_hangedman_leer,
          serial_sigils_hangedman_gnaw, serial_sigils_hangedman_gut,
          serial_sigils_hangedman_clutch, serial_sigils_hangedman_etch,
          pan_entry, minivault_16, st_stairs_9, fiery_altar_vehumet
Depths:2: minmay_the_grid_triangle_9x9_recursive_3
          [minmay_the_grid_triangle_9x9_zippers_vertical,
          minmay_the_grid_triangle_9x9_flanged_cone,
          minmay_the_grid_triangle_9x9_sparse_checkered,
          minmay_the_grid_triangle_9x9_prize_insulated,
          minmay_the_grid_triangle_9x9_skeleton,
          minmay_the_grid_triangle_9x9_stretched_checkered,
          minmay_the_grid_triangle_9x9_limited_checkers,
          minmay_the_grid_triangle_9x9_odd_lines,
          minmay_the_grid_triangle_9x9_thin_v], layout_cave_pools,
          grunt_pan_entry_in_and_out, chequers_serial_rivers_room_a, hell_entry,
          abyss_entry_crystal, nicolae_qazlal_general_emergency,
          minmay_staircase_statues
Depths:3: minmay_central_circle, layout_cave_shapes, enter_ziggurat_a,
          nicolae_abyss_entry_one_way_or_another, trog_three_pillars_becter,
          hell_entry, uniq_josephina, uniq_sojobo

Skill      XL: |  1  2  3  4  5  6  7  8  9 10 11 12 13 14 15 16 17 18 19 20 21 22 |
---------------+-------------------------------------------------------------------+-----
Stealth        | 2 3 4 5 6 8 9 |  9.3
Ranged Weapons | 5 6 7 8 10 11 13 14 16 17 18 | 18.9
Dodging        | 4 7 9 11 12 13 14 15 16 18 20 22 23 | 23.1
Fighting       | 2 4 5 6 7 8 9 10 12 13 15 16 | 16.2
Invocations    | 3 5 7 8 9 10 11 | 11.5
Evocations     | 2 5 7 12 15 | 15.9
Translocations | 4 9 10 13 | 13.6
Summonings     | 2 5 8 |  8.2
Transmutations | 3 4 6 7 10 | 10.0
Poison Magic   | 2 3 4 |  4.5
Fire Magic     | 2 3 |  3.8
Spellcasting   | 5 6 |  6.6
Conjurations   | 3 6 |  6.6
Armour         | 7 |  7.9

Action                   |  1- 3 |  4- 6 |  7- 9 | 10-12 | 13-15 | 16-18 | 19-21 | 22-24 || total
-------------------------+-------+-------+-------+-------+-------+-------+-------+-------++-------
 Fire: Shortbow          |   100 |   207 |   492 |  1021 |   606 |  1704 |  1085 |       ||  5215
       Arbalest          |       |       |       |       |   583 |       |   769 |   414 ||  1766
 Cast: Summon Forest     |       |       |       |       |       |    33 |     7 |     6 ||    46
       Ignite Poison     |       |       |       |       |       |   104 |   257 |    24 ||   385
       Summon Guardian G |       |       |       |       |       |     2 |     2 |       ||     4
       Blink             |       |       |       |       |       |     1 |     1 |       ||     2
       Portal Projectile |       |       |       |       |       |       |     1 |     2 ||     3
Evoke: Wand              |       |       |       |       |     2 |       |       |       ||     2
       Box of beasts     |       |       |       |       |     1 |     1 |       |       ||     2
       Phantom mirror    |       |       |       |       |       |     2 |     2 |       ||     4
  Use: Scroll            |       |       |     8 |    13 |    13 |     4 |     8 |    10 ||    56
       Potion            |       |       |       |       |     6 |     2 |     2 |       ||    10
Armor: Robe              |     3 |     8 |    18 |    26 |    11 |       |       |       ||    66
       Troll leather arm |       |       |       |       |     1 |    48 |    54 |     2 ||   105
       Fire dragon scale |       |       |       |       |       |       |       |    42 ||    42
Dodge: Dodged            |    23 |    66 |   138 |   420 |   318 |   620 |  1165 |   293 ||  3043
Block: Other             |       |       |       |       |     9 |    69 |   119 |    33 ||   230
